 Dungeon Crawl Stone Soup version 0.30-a0-928-g7f6bbad527 (webtiles) character file.

Game seed: 1208976016047831806

9 Morbidden the Sneak (level 2, 22/22 HPs)
             Began as a Demonspawn Brigand on Mar 23, 2023.
             Quit the game on level 1 of the Dungeon.
             The game lasted 00:00:28 (275 turns).

Morbidden the Sneak (Demonspawn Brigand)             Turns: 275, Time: 00:00:28

Health: 22/22      AC:  3    Str: 11    XL:     2   Next: 3%
Magic:  2/2        EV: 12    Int: 12    God:
Gold:   36         SH:  0    Dex: 14    Spells: 1/1 levels left

rFire   . . .      SeeInvis .    a - +2 dagger
rCold   . . .      Faith    .    (no shield)
rNeg    . . .      Spirit   .    b - +0 robe
rPois   .          Reflect  .    (helmet restricted)
rElec   .          Rampage  .    c - +0 cloak
rCorr   .                        (no gloves)
Will    +....                    (no boots)
Stlth   ++                       g - amulet of magic regeneration
HPRegen 0.23/turn                f - ring of willpower
MPRegen 0.48/turn                (no ring)

@: no status effects
A: antennae 1
a: no special abilities


You were on level 1 of the Dungeon.
You visited 1 branch of the dungeon, and saw 1 of its levels.

You collected 36 gold pieces.

Inventory:

Hand Weapons
 a - a +2 dagger (weapon)
Missiles
 d - 9 poisoned darts (quivered)
 e - 3 curare-tipped darts
Armour
 b - a +0 robe (worn)
 c - a +0 cloak (worn)
Jewellery
 f - a ring of willpower (left hand)
 g - an amulet of magic regeneration (around neck)
Scrolls
 h - a scroll of identify
 i - a scroll of enchant armour


   Skills:
 * Level 2.0 Fighting
 * Level 2.0 Short Blades
 + Level 1.7 Throwing
 * Level 0.1 Armour
 * Level 1.1 Dodging
 + Level 3.8 Stealth
 * Level 0.1 Spellcasting


You had one spell level left.
You didn't know any spells.
Your spell library was empty.

Dungeon Overview and Level Annotations

Branches:
Dungeon (1/15)

Altars:


Innate Abilities, Weirdness & Mutations

You have a pair of small antennae on your head.


Message History

A kobold is nearby!
A kobold is nearby!
A kobold is nearby!
An endoplasm comes into view.
The helpless kobold fails to defend itself.
You impale the kobold!!
You kill the kobold!
Found a robe and a scroll labelled WOICUI OKHLAF.
Found a stone staircase leading down.
The helpless endoplasm fails to defend itself.
You puncture the endoplasm!
You kill the endoplasm!
No target in view!
No target in view!
No target in view!
h - 2 scrolls labelled WOICUI OKHLAF (gained 1)
You now have 36 gold pieces (gained 12).
A kobold comes into view. It is wielding a +0 dagger.
You see here 9 gold pieces.
A kobold is nearby!
A kobold is nearby!
You closely miss the kobold. The kobold closely misses you.
You hit the kobold.
The kobold is severely wounded.
The kobold hits you but does no damage.
You closely miss the kobold.
The kobold is severely wounded.
The kobold hits you but does no damage.
You hit the kobold.
You kill the kobold!
You have reached level 2!
Your demonic ancestry asserts itself...
A pair of antennae grows on your head!
Are you sure you want to abandon this character and quit the game? (Confirm with "yes".)
Okay, then.
As you read the scroll labelled WOICUI OKHLAF, it crumbles to dust.
It is a scroll of identify.
i - a scroll of enchant armour Unknown command.
Are you sure you want to abandon this character and quit the game? (Confirm with "yes".)

###########
######.........#
#..............# .....
#.......@)......
.......#..............#
.......#..............#
........#.........#.....
........#...$.....#.####
.............#+##.#.#
.............#.##.#.##
#....#.......#.#.....#
.....................+


There were no monsters in sight!

Vanquished Creatures
  A bat (D:1)
  An endoplasm (D:1)
  2 goblins (D:1)
  A ball python (D:1)
  2 kobolds (D:1)
  2 rats (D:1)
9 creatures vanquished.

Notes
Turn   | Place    | Note
-------+----------+-------------------------------------------
     0 | D:1      | Morbidden the Demonspawn Brigand began the quest for the
                  | Orb.
     0 | D:1      | Reached XP level 1. HP: 16/16 MP: 1/1
    28 | D:1      | Reached skill level 1 in Dodging
   274 | D:1      | Gained mutation: You have a pair of small antennae on your
                  | head. [demonic ancestry]
   274 | D:1      | Reached XP level 2. HP: 22/22 MP: 2/2
   275 | D:1      | Quit the game

Illustrated notes

Levels and vault maps discovered:
D:1:      wander_arrival_lonely_grave, layout_basic

Skill      XL: |  1 |
---------------+----+-----
Dodging        | 1 |  1.1
Short Blades   | 2 |  2.0
Fighting       | |  2.0
Throwing       | |  1.7
Armour         | |  0.1
Stealth        | |  3.8
Spellcasting   | |  0.1

Action                     || total
---------------------------++-------
  Melee: Dagger            ||    17
    Use: Scroll            ||     1
   Stab: Sleeping          ||     2
 Armour: Robe              ||     5
  Dodge: Dodged            ||     8

Table legend: (Time is in decaauts)
 A = Elapsed time spent in this place.
 B = Non-inter-level travel time spent in this place.
 C = Inter-level travel time spent in this place.
 D = Time resting spent in this place.
 E = Time spent auto-exploring this place.
 F = Levels seen in this place.
 G = Mean time per level.
                   A        B        C        D        E       F      G
               +--------+--------+--------+--------+--------+-----+--------+
         Total |    272 |    272 |      0 |      0 |    207 |   1 |  272.0 |
       Dungeon |    272 |    272 |      0 |      0 |    207 |   1 |  272.0 |
               +--------+--------+--------+--------+--------+-----+--------+

Top non-repeatable levels by time:
     D:1: 272 daAuts
